 Dungeon Crawl Stone Soup version 0.21-a0-615-g8e08f28 (webtiles) character file.

2377 shenanigans the Skirmisher (level 9, -8/74 HPs)
             Began as a Barachi Skald on Dec 22, 2017.
             Was a Priest of Okawaru.
             Killed from afar by an electric eel (13 damage)
             ... with a bolt of electricity
             ... on level 7 of the Dungeon on Dec 23, 2017.
             The game lasted 00:25:49 (8005 turns).

shenanigans the Skirmisher (Barachi Skald)          Turns: 8005, Time: 00:25:50

Health: -8/74      AC: 13    Str: 13    XL:     9   Next: 45%
Magic:  13/13      EV:  7    Int: 17    God:    Okawaru [***...]
Gold:   309        SH:  0    Dex: 11    Spells: 11/12 levels left

rFire    . . .     SeeInvis .   a - +0 war axe
rCold    . . .     Gourm    .   (no shield)
rNeg     . . .     Faith    .   j - +0 chain mail
rPois    +         Spirit   .   G - +1 hat
rElec    .         Reflect  .   (no cloak)
rCorr    .         Harm     .   y - +0 pair of gloves
MR       .....                  (no boots)
Stlth    ..........             (no amulet)
HPRegen  0.22/turn              q - ring of poison resistance
MPRegen  0.13/turn              k - +2 ring of slaying

@: about to teleport, can't hop, slow
A: +LOS, swims, slowness 1, strong legs 1
a: Hop, Heroism, Renounce Religion


You were on level 7 of the Dungeon.
You worshipped Okawaru.
Okawaru was most pleased with you.
You were near starving.

You visited 2 branches of the dungeon, and saw 8 of its levels.

You collected 309 gold pieces.

Inventory:

Hand Weapons
 a - a +0 war axe (weapon)
 i - a +0 hand axe
 u - a +2 vampiric hand axe
 E - a +2 spear of flaming
Missiles
 A - 9 tomahawks (quivered)
Armour
 b - a +0 leather armour
 j - a +0 chain mail (worn)
 t - the +2 cloak of the Thief {+Fog Slay-2 SInv Stlth+}
   (You found it on level 4 of the Dungeon)

   It affects your accuracy and damage with ranged weapons and melee attacks
   (-2).
   It lets you see invisible.
   It makes you more stealthy.
 y - a +0 pair of gloves (worn)
 G - a +1 hat (worn)
Jewellery
 k - a +2 ring of slaying (right hand)
 l - a +5 ring of dexterity
 q - a ring of poison resistance (left hand)
 B - an uncursed ring of protection from fire
Wands
 w - a wand of random effects (58)
Scrolls
 e - a scroll of fog {unknown}
 h - 6 scrolls of remove curse {unknown}
 n - a scroll of noise {unknown}
 o - 3 scrolls of random uselessness
 p - 2 scrolls of teleportation
 r - 2 scrolls of amnesia
 v - 2 scrolls of identify
 C - 2 scrolls of enchant armour {unknown}
Potions
 f - 2 potions of cancellation
 g - a potion of haste
 m - 2 potions of might {unknown}
 s - 2 potions of lignification {unknown}
 D - a potion of resistance {unknown}
 F - a potion of mutation {unknown}
Books
 c - a book of Battle

   Spells                             Type                      Level
   a - Infusion                       Charms                       1
   b - Shroud of Golubria             Charms/Translocation         2
   c - Song of Slaying                Charms                       2
   d - Spectral Weapon                Hexes/Charms                 3
   e - Regeneration                   Charms/Necromancy            3
 x - a book of Conjurations

   Spells                             Type                      Level
   a - Magic Dart                     Conjuration                  1
   b - Searing Ray                    Conjuration                  2
   c - Dazzling Spray                 Conjuration/Hexes            3
   d - Fulminant Prism                Conjuration/Hexes            4
   e - Force Lance                    Conjuration/Translocation    4
   f - Iskenderun's Mystic Blast      Conjuration                  4
Comestibles
 d - 8 rations


   Skills:
 + Level 7.8 Fighting
 + Level 7.1 Axes
 + Level 7.4 Armour
 - Level 2.1 Dodging
 - Level 2.1 Spellcasting
 - Level 3.2 Charms
 - Level 5.4 Invocations


You had 11 spell levels left.
You knew the following spells:

 Your Spells              Type           Power        Failure   Level  Hunger
a - Infusion              Chrm           ##..         71%         1    #......


Dungeon Overview and Level Annotations

Branches:
Dungeon (7/15)             Temple (1/1) D:6

Altars:
Ashenzari
Cheibriados
Dithmenos
Elyvilon
Fedhas
Gozag
Hepliaklqana
Kikubaaqudgha
Makhleb
Nemelex Xobeh
Okawaru
Qazlal
Ru
Sif Muna
Trog
Uskayaw
Vehumet
Wu Jian
Xom
Yredelemnul
Zin
The Shining One

Shops:
D:5 }

Annotations:
D:7 Inus's ghost, novice DECj


Innate Abilities, Weirdness & Mutations

Shadows flee at your approach. (+LOS)
You can swim through water.
You cover ground slowly.
You can hop short distances.


Message History

The electric eel shoots out a bolt of lightning at you!
The bolt of electricity hits the electric eel.
The electric eel completely resists.
The bolt of electricity hits the plant. x2
The bolt of electricity misses you.
The electric eel shoots out a bolt of lightning at you!
The bolt of electricity hits you!
* * * LOW HITPOINT WARNING * * *
The bolt of electricity hits the plant.
The electric eel shoots out a bolt of lightning at you!
The bolt of electricity hits the plant. x2; The bolt of electricity hits you!
* * * LOW HITPOINT WARNING * * *
The bolt of electricity hits the plant.
Unknown command.
Okay, then.
As you read the scroll labeled SEPAEPT SISA, it crumbles to dust.
It is a scroll of amnesia.
Okay, then.
The electric eel shoots out a bolt of lightning at you!
The bolt of electricity hits the plant. x2; The bolt of electricity hits you!
You die...

..###.# ##....######.# #.# #.#
#.# ##.#........# #.# #.###.#
#.########## #.## ...##.# #.#
#..# #W.#♣♣≈♣≈≈♣P≈# ### ##.#
≈♣≈♣♣♣♣P♣♣≈♣♣≈♣♣≈# #.#
≈≈♣≈≈PP≈≈P≈P≈♣♣PP♣ #####.##
P≈P≈≈≈≈≈≈≈≈≈≈≈P≈P♣♣ ##.#....#
≈≈≈≈P≈≈≈≈≈≈≈♣P≈P@P♣P#.......####♣
≈≈≈≈≈≈≈≈≈≈≈≈≈≈≈≈PPPP≈..........≈≈
≈≈≈≈≈≈≈≈≈≈≈≈≈≈P≈≈♣≈P♣≈..#.####≈;≈
≈≈≈≈≈≈≈≈≈≈≈≈;≈P≈≈≈≈≈P♣.##.###≈≈≈≈
≈≈≈≈≈≈≈≈≈≈≈≈≈≈≈♣≈≈≈≈♣♣# #....≈P≈P
≈≈≈≈≈≈≈≈≈≈≈≈≈PP≈≈≈♣≈≈ #.##...≈≈
≈≈≈≈≈≈≈≈≈≈P≈≈≈≈≈≈♣.####.# ....
≈≈≈≈≈≈≈≈≈;;♣≈≈♣≈♣.....#)# .;≈
♣♣≈≈≈♣≈≈P≈≈♣≈P≈♣≈.###.#.# ≈P


You could see 3 electric eels.

Vanquished Creatures
  The ghost of FrankyJ the Skirmisher, a novice GrVM of Wu Jian (D:6)
  Grinder (D:4)
  Eustachio (D:4)
  Menkaure (D:4)
  A sky beast (D:6)
  3 ogres
  A big kobold (D:7)
  2 bullfrogs
  A scorpion (D:5)
  4 wights (D:6)
  4 howler monkeys
  2 crimson imps (D:6)
  6 orc wizards
  2 orc priests
  2 hounds
  Ijyb (D:4)
  A bullfrog skeleton (D:4)
  3 worker ants (D:5)
  2 hound zombies
  2 hound skeletons (D:4)
  3 gnolls (D:6)
  7 adders
  2 shadow imps
  An ooze (D:1)
  A worm (D:3)
  A dart slug (D:1)
  5 leopard geckos
  16 orcs
  A ball python (D:1)
  7 giant cockroaches
  5 hobgoblins
  11 jackals
  2 quokkas
  4 bats
  3 frilled lizards
  9 goblins
  8 kobolds
  5 rats
132 creatures vanquished.

Vanquished Creatures (others)
  A plant (D:7)
1 creature vanquished.

Grand Total: 133 creatures vanquished

Notes
Turn   | Place    | Note
-------+----------+-------------------------------------------
     0 | D:1      | shenanigans the Barachi Skald began the quest for the Orb.
     0 | D:1      | Reached XP level 1. HP: 17/17 MP: 3/3
   326 | D:1      | Reached XP level 2. HP: 16/23 MP: 5/5
  1085 | D:1      | Reached XP level 3. HP: 26/29 MP: 6/6
  1542 | D:2      | Found an iron altar of Okawaru.
  1551 | D:2      | Became a worshipper of Warmaster Okawaru
  1860 | D:2      | Reached XP level 4. HP: 30/35 MP: 7/7
  2075 | D:2      | Found a shimmering altar of Xom.
  2079 | D:2      | Reached skill level 1 in Invocations
  2119 | D:2      | Found a shimmering altar of Xom.
  2126 | D:2      | Found a shimmering altar of Xom.
  2126 | D:2      | Found a shimmering altar of Xom.
  2126 | D:2      | Found a shimmering altar of Xom.
  2157 | D:2      | You fall through a shaft for 2 floors!
  2185 | D:4      | Reached XP level 5. HP: 35/42 MP: 8/8
  3274 | D:4      | Reached * piety under Okawaru
  3425 | D:4      | Noticed Ijyb
  3827 | D:4      | Killed Ijyb
  3827 | D:4      | Reached XP level 6. HP: 47/48 MP: 9/9
  3973 | D:4      | Found the +2 cloak of the Thief {+Fog Slay-2 SInv Stlth+}
  4224 | D:4      | Noticed Grinder
  4251 | D:4      | Paralysed by Grinder for 6 turns
  4257 | D:4      | Killed Grinder
  4257 | D:4      | Reached ** piety under Okawaru
  4257 | D:4      | Reached XP level 7. HP: 34/55 MP: 7/10
  4431 | D:4      | Noticed Menkaure
  4437 | D:4      | Killed Menkaure
  4437 | D:4      | Reached skill level 5 in Fighting
  4726 | D:4      | Noticed Eustachio
  4762 | D:4      | Killed Eustachio
  4962 | D:5      | Entered Level 5 of the Dungeon
  5046 | D:5      | Reached XP level 8. HP: 63/63 MP: 11/11
  5129 | D:5      | Reached skill level 5 in Axes
  5129 | D:5      | Reached skill level 5 in Armour
  5220 | D:5      | Found Zuekamel's Gadget Shop.
  5963 | D:6      | Found a staircase to the Ecumenical Temple.
  5978 | Temple   | Entered the Ecumenical Temple
  6337 | D:6      | Reached skill level 5 in Invocations
  6908 | D:6      | Noticed FrankyJ's ghost (novice GrVM)
  6940 | D:7      | Noticed Inus's ghost (novice DECj)
  7077 | D:7      | Reached XP level 9. HP: 53/71 MP: 10/13
  7243 | D:7      | Reached *** piety under Okawaru
  7405 | D:6      | Killed FrankyJ's ghost
  8005 | D:7      | Killed from afar by an electric eel

Vault maps used:
D:1:      lightli_arrival_flooded_house, hex_tiny
D:2:      okawaru_gym_becter, xom_redecorated
D:4:      first_ration, minmay_misc_feat_secret_circle, uniq_eustachio,
          uniq_grinder, uniq_menkaure, uniq_ijyb
D:5:      serial_shops, kennysheep_mini_moat
D:6:      minmay_temple_entry_glassed_door
D:7:      serial_bayou, serial_bayou_lagoon_b, serial_bayou_pond_e,
          serial_bayou_crossing, serial_bayou_lake_a, serial_shops, shop,
          minmay_misc_feat_four_crosses
Temple:   regret_index_temple_sigil_plot

Skill      XL: |  1  2  3  4  5  6  7  8  9 |
---------------+----------------------------+-----
Armour         | 2 3 4 6 7 |  7.4
Fighting       | 3 4 5 6 7 |  7.8
Axes           | 3 4 6 7 |  7.1
Invocations    | 1 2 3 4 5 |  5.4
Dodging        | |  2.1
Spellcasting   | |  2.1
Charms         | |  3.2

Action                   |  1- 3 |  4- 6 |  7- 9 || total
-------------------------+-------+-------+-------++-------
Melee: Hand axe          |   130 |    67 |       ||   197
       War axe           |       |   113 |   312 ||   425
       Unarmed           |       |    18 |       ||    18
       Punch             |       |       |     2 ||     2
Throw: Tomahawk          |       |       |     1 ||     1
Invok: Heroism           |       |     1 |    10 ||    11
 Abil: Hop               |       |       |     1 ||     1
  Use: Scroll            |     3 |     1 |     4 ||     8
       Potion            |       |     4 |     2 ||     6
 Stab: Invisible         |       |     5 |       ||     5
       Confused          |       |     2 |       ||     2
  Eat: Chunk             |     2 |     7 |     5 ||    14
       Ration            |       |     1 |     2 ||     3
Armor: Leather armour    |    16 |       |       ||    16
       Chain mail        |    35 |   143 |   243 ||   421
       Skin              |       |     2 |       ||     2
Dodge: Dodged            |    85 |    56 |   137 ||   278

Table legend:
 A = Spawn XP
 B = Non-spawn XP
 C = Spawn XP percentage of total XP
 D = Spawn monster count
 E = Non-spawn monster count
 F = Spawn count percentage of total count
 G = Total turns spent on level
                    A         B        C        D         E        F      G
               +---------+---------+-------+---------+---------+-------+---------
         Total |       0 |    3397 |   0.0 |       0 |     132 |   0.0 |  8005
               +---------+---------+-------+---------+---------+-------+---------
           D:1 |       0 |      42 |   0.0 |       0 |      21 |   0.0 |  1388
           D:2 |       0 |      82 |   0.0 |       0 |      21 |   0.0 |   848
           D:3 |       0 |      50 |   0.0 |       0 |      14 |   0.0 |  1102
           D:4 |       0 |    1012 |   0.0 |       0 |      24 |   0.0 |  1624
           D:5 |       0 |     300 |   0.0 |       0 |      15 |   0.0 |   997
           D:6 |       0 |    1437 |   0.0 |       0 |      29 |   0.0 |  1337
           D:7 |       0 |     474 |   0.0 |       0 |       8 |   0.0 |   433
               +---------+---------+-------+---------+---------+-------+---------
